 Dungeon Crawl Stone Soup version 0.32-a0-871-ge202e49faa (webtiles) character file.

Game seed: 3743562622111804880

60 Shayle the Apothecary (level 4, 0/33 HPs)
             Began as a Coglin Alchemist on Mar 29, 2024.
             Slain by an adder (1 damage)
             ... on level 3 of the Dungeon.
             The game lasted 00:04:59 (1877 turns).

Shayle the Apothecary (Coglin Alchemist)            Turns: 1877, Time: 00:05:04

Health: 0/33       AC:  2    Str:  7 (9)  XL:     4   Next: 4%
Magic:  5/7        EV: 11    Int: 14 (16) God:
Gold:   74         SH:  0    Dex: 12 (14) Spells: 6/7 levels left

rFire   . . .        c - +0 spear {Bonhwa}
rCold   . . .        p - +0 morningstar {Tejnoor}
rNeg    . . .        a - +0 robe
rPois   .            (no helmet)
rElec   .            (no cloak)
rCorr   .            (no gloves)
SInv    .            (no boots)
Will    .....        (amulet unavailable)
Stlth   ++           (ring unavailable)
HPRegen 0.25/turn    (ring unavailable)
MPRegen 0.10/turn    (no gizmo)

%: no passive effects
@: lethally poisoned (0 -> -9), hasted, revving, very quick
A: off-hand wielding, slow wielding, warmup strikes, no jewellery, robust 1
a: Invent Gizmo


You were on level 3 of the Dungeon.
You visited 1 branch of the dungeon, and saw 3 of its levels.

You collected 74 gold pieces.

Inventory:

Hand Weapons
 c - a +0 spear (weapon) {Bonhwa}
 e - a +0 dagger {Clara}
 p - a +0 morningstar (offhand) {Tejnoor}
Armour
 a - a +0 robe (worn)
Scrolls
 d - 3 scrolls of identify {unknown}
 g - a scroll of enchant armour {unknown}
 i - a scroll of fog {unknown}
 k - a scroll of silence {unknown}
 m - 2 scrolls of torment {unknown}
 o - a scroll of brand weapon {unknown}
 q - a scroll of noise {unknown}
 r - a scroll of teleportation {unknown}
Potions
 b - a potion of magic
 j - a potion of berserk rage {unknown}
 n - a potion of cancellation {unknown}


   Skills:
 + Level 2.6 Dodging
 - Level 1.5 Stealth
 + Level 2.4 Spellcasting
 - Level 0.8 Conjurations
 + Level 4.0 Alchemy


You had 6 spell levels left.
You knew the following spells:

 Your Spells              Type           Power      Damage    Failure   Level
a - Sting                 Conj/Alch      32%        1d5       9%          1

Your spell library contained the following spells:

 Spells                   Type           Power      Damage    Failure   Level
 Magic Dart               Conj           16%        1d3       16%         1
 Mercury Vapours          Alch/Air       14%        N/A       16%         2
 Cigotuvi's Dreadful Rot  Necr/Alch/Air  10%        N/A       21%         2
 Searing Ray              Conj           8%         2d4       24%         2
 Lesser Beckoning         Tloc           2%         N/A       34%         2
 Mephitic Cloud           Conj/Alch/Air  6%         N/A       34%         3
 Olgreb's Toxic Radiance  Alch           13%        N/A       38%         4
 Teleport Other           Tloc           1%         N/A       56%         3
 Fulminant Prism          Conj/Alch      4%         3d5       63%         4
 Ignite Poison            Fire/Alch      7%         N/A       69%         4
 Sticky Flame             Fire/Alch      7%         2d4       69%         4
 Maxwell's Portable Pile  Tloc           1%         2d(5-10)  92%         4
 Freezing Cloud           Conj/Ice/Air   1%         6-21      99%         5


Dungeon Overview and Level Annotations

Branches:
Dungeon (3/15)

Altars:


Innate Abilities, Weirdness & Mutations

You can wield a second weapon in your off-hand.
It takes a long time for you to wield or remove held weapons.
Your first few attacks do less damage.
You cannot equip rings or amulets.
You are robust. (+10% HP)


Message History

The adder barely misses you. The adder closely misses you.
Unknown command.
Okay, then.
Casting: Sting (safe; 8% risk of failure)
Confirm with . or Enter, or press ? or * to list all spells.
Aiming: Sting (safe; 8% risk of failure)
Press: ? - help, Shift-Dir - straight line, f/p - adder
Aim: an adder (lightly wounded, poisoned, 48% to hit)
The sting misses the adder.
The adder barely misses you. The adder closely misses you.
The adder misses you. The adder bites you.
Unknown command.
You barely miss the adder with your +0 morningstar.
The adder is moderately wounded.
You barely miss the adder with your +0 spear.
The adder closely misses you. x2
Unknown command.
It was a potion of mutation.
You feel extremely strange.
You feel stupid.
You feel robust.
You feel clever. The adder misses you. The adder bites you. x2
You are poisoned.
The adder poisons you! The adder bites you.
It was a potion of haste.
You feel yourself speed up.
You feel sick. The adder bites you.
You are more poisoned.
The adder poisons you! The adder bites you.
* * * LOW HITPOINT WARNING * * *
You feel sick. The adder bites you.
* * * LOW HITPOINT WARNING * * *
You are lethally poisoned!
The adder poisons you! The adder attacks as it pursues you!
The adder bites you.
* * * LOW HITPOINT WARNING * * *
It was a potion of degeneration.
There was something very wrong with that liquid.
You feel weakened.
You feel dopey.
You feel clumsy.
* * * LOW HITPOINT WARNING * * *
You feel sick.
The adder looks more healthy.
The adder bites you.
* * * LOW HITPOINT WARNING * * *
The adder bites you.
You die...

### #.# .
##########.###
..#####.......##...#
..............##.#.####
.....)........##......
..#.###.......#....#
............>#.@#
..#......S.S..#SS# .
#....##+###.#.###
#....##.........#
.........###.#.###
##...........#...
#.###.#####.#.###
............###.#
................


You could see 2 adders.

Vanquished Creatures
  3 adders
  2 dart slugs
  A ribbon worm (D:2)
  An orc (D:3)
  4 endoplasms
  2 giant cockroaches (D:1)
  2 hobgoblins
  A kobold (D:1)
  2 quokkas (D:3)
  2 ball pythons (D:3)
  2 frilled lizards (D:2)
  4 rats
26 creatures vanquished.

Notes
Turn   | Place    | Note
-------+----------+-------------------------------------------
     0 | D:1      | Shayle the Coglin Alchemist began the quest for the Orb.
     0 | D:1      | Reached XP level 1. HP: 13/13 MP: 3/3
   147 | D:1      | Found a faded altar of an unknown god.
   363 | D:1      | Reached XP level 2. HP: 19/19 MP: 1/5
  1026 | D:2      | Reached XP level 3. HP: 20/24 MP: 2/6
  1728 | D:3      | Reached skill level 4 in Alchemy
  1779 | D:3      | Reached XP level 4. HP: 30/30 MP: 3/7
  1874 | D:3      | Gained mutation: You are dopey. (Int -2) [potion of
                  | mutation]
  1874 | D:3      | Gained mutation: You are robust. (+10% HP) [potion of
                  | mutation]
  1874 | D:3      | Lost mutation: You are dopey. (Int -2) [potion of mutation]
  1877 | D:3      | HP: 1/33 [adder (1)]
  1877 | D:3      | Slain by an adder

Illustrated notes

Levels and vault maps discovered:
D:1:      dpeg_arrival_arbitrary_c, layout_loops_corners,
          ebering_ecumenical_altar_abandoned, grunt_decor_cap,
          minmay_misc_feat_plants
D:2:      layout_loops_ring
D:3:      minmay_general_purpose_star, layout_basic,
          chequers_serial_rivers_small_a

Skill      XL: |  1  2  3 |
---------------+----------+-----
Dodging        | 2 |  2.6
Spellcasting   | 2 |  2.4
Alchemy        | 4 |  4.0
Stealth        | |  1.5
Conjurations   | |  0.8

Action                     |  1- 3 |  4- 6 || total
---------------------------+-------+-------++-------
  Melee: Spear             |    42 |     2 ||    44
         Dagger            |    35 |       ||    35
         Morningstar       |     1 |     2 ||     3
   Cast: Sting             |    32 |     4 ||    36
    Use: Potion            |       |     3 ||     3
   Stab: Sleeping          |     1 |       ||     1
 Armour: Robe              |    16 |    15 ||    31
  Dodge: Dodged            |    26 |    10 ||    36

Table legend: (Time is in decaauts)
 A = Elapsed time spent in this place.
 B = Non-inter-level travel time spent in this place.
 C = Inter-level travel time spent in this place.
 D = Time resting spent in this place.
 E = Time spent auto-exploring this place.
 F = Levels seen in this place.
 G = Mean time per level.
                   A        B        C        D        E       F      G
               +--------+--------+--------+--------+--------+-----+--------+
         Total |   1879 |   1864 |     15 |    104 |   1378 |   3 |  626.3 |
       Dungeon |   1879 |   1864 |     15 |    104 |   1378 |   3 |  626.3 |
               +--------+--------+--------+--------+--------+-----+--------+

Top non-repeatable levels by time:
     D:1: 953 daAuts
     D:2: 570 daAuts
     D:3: 355 daAuts
